 Dungeon Sprint DCSS version 0.20-a0-792-g09bcfd3 (webtiles) character file.

298 esc the Grappler (level 8, -2/93 HPs)
             Began as a Troll Monk on Feb 28, 2017.
             Was the Champion of Wu Jian.
             Slain by an alligator (9 damage)
             ... in the Dungeon (Sprint VI: "Thunderdome").
             The game lasted 00:06:52 (555 turns).

esc the Grappler (Troll Monk)                        Turns: 555, Time: 00:06:53

Health: -2/93      AC:  5    Str: 19    XL:     8   Next: 92%
Magic:  34/34      EV: 17    Int:  6    God:    Wu Jian [******]
Gold:   465        SH:  0    Dex: 17    Spells: 7/7 levels left

rFire    . . .     SeeInvis +     - Unarmed
rCold    . . .     Gourm    +   a - +0 robe
rNeg     + + .     Faith    .   (no shield)
rPois    .         Spirit   .   (helmet restricted)
rElec    .         Reflect  .   (no cloak)
rCorr    .         Harm     .   (gloves unavailable)
MR       .....     NoTele   +   (boots unavailable)
Stlth    +++.......             m - amulet "Ymeotikk" {RegenMP Fragile rN+ MP+9 Dex+4}
Regen    0.7/turn               n - ring of Sunlight {MP+9 Stlth+}
MPRegen  0.4/turn               o - ring "Deigriug" {*Corrode rN+ MP+9 SInv}

@: no status effects
A: unfitting armour, claws 3, fast metabolism 3, gourmand, regeneration 1,
shaggy fur 1, tough skin 2, weak 1
a: Serpent's Lash, Heaven On Earth, Renounce Religion


You were in the Dungeon.
You worshipped Wu Jian.
Wu Jian was exalted by your worship.
You were not hungry.

You visited 1 branch You collected 600 gold pieces.
You spent 135 gold pieces at shops.

Inventory:

Armour
 a - a +0 robe (worn)
Jewellery
 m - the amulet "Ymeotikk" (around neck) {RegenMP Fragile rN+ MP+9 Dex+4}
   (You bought it in a shop in the Dungeon)

   [amulet of magic regeneration]

   It increases your magic regeneration.
   It affects your dexterity (+4).
   It protects you from negative energy.
   It affects your magic capacity (+9).
   It will be destroyed if unequipped.
 n - the ring of Sunlight (right claw) {MP+9 Stlth+}
   (You bought it in a shop in the Dungeon)

   [ring of magical power]

   It affects your magic capacity (+9).
   It makes you more stealthy.
 o - the ring "Deigriug" (left claw) {*Corrode rN+ MP+9 SInv}
   (You bought it in a shop in the Dungeon)

   [ring of see invisible]

   It protects you from negative energy.
   It affects your magic capacity (+9).
   It lets you see invisible.
   It may corrode you when you take damage.
Wands
 i - a wand of acid (5/15)
   (You found it in the Dungeon)
 j - a wand of iceblast (5/15)
   (You found it in the Dungeon)
Scrolls
 h - 4 scrolls of blinking {!r}
 k - 3 scrolls of fog
Potions
 c - a potion of curing
 d - 2 potions of heal wounds
 e - 4 potions of haste
 f - 2 potions of magic
Comestibles
 b - 2 bread rations {@e1}


   Skills:
 + Level 10.1 Fighting
 + Level 10.1 Dodging
 - Level 1.0 Stealth
 + Level 11.9 Unarmed Combat


You had 7 spell levels left.
You didn't know any spells.

Dungeon Overview and Level Annotations

Branches:
Dungeon (1/1)

Altars:
Cheibriados
Dithmenos
Fedhas
Gozag
Kikubaaqudgha
Makhleb
Okawaru
Qazlal
Ru
Sif Muna
Trog
Uskayaw
Vehumet
Wu Jian
Xom
Yredelemnul
Zin
The Shining One
Beogh
Jiyva
Lugonu

Shops:
D *[%??*?*:[((!!!!


Innate Abilities, Weirdness & Mutations

You are too large for most types of armour.
You have claws for hands.
Your metabolism is lightning-fast.
You like to eat raw meat.
Your natural rate of healing is unusually fast.
You are covered in fur. (AC +1)
You have very tough skin. (AC +2)
You are weak. (Str -2)


Message History

You scratch the neqoxec. You claw the neqoxec!
You kill the neqoxec!
The Council accepts your kill.
You start resting.
Health restored: 92
Things that are here:
a robe; a scythe You see here a stone.
You start waiting.
A neqoxec comes into view.
The neqoxec hits you!
You take 9 damage, and have 83/92 hp.
You spin and attack the neqoxec.
You scratch the neqoxec but do no damage.
You claw the neqoxec, but do no damage.
The neqoxec gestures.
A neqoxec comes into view.
You spin and attack the neqoxec repeatedly!
You catch the helpless neqoxec completely off-guard!
You mangle the neqoxec!!
You kill the neqoxec!
The Council accepts your kill.
You regained 2 hp, and now have 86/93 hp.
You spin and attack the neqoxec.
You scratch the neqoxec but do no damage.
The neqoxec barely misses you.
There is a spawn point here.
You spin and attack the neqoxec repeatedly!
You claw the neqoxec!
The neqoxec seems to slow down as you strike a pressure point.
You claw the neqoxec! You mangle the neqoxec!!
You kill the neqoxec!
The Council accepts your kill.
The white imp disappears in a puff of smoke!
The iron imp disappears in a puff of smoke!
You start resting. 50...
You regained 3 hp, and now have 90/93 hp.
A neqoxec comes into view.
The neqoxec shouts!
Health restored: 93 You spin and attack the neqoxec repeatedly!
You claw the neqoxec! You claw the neqoxec. You claw the neqoxec!
The neqoxec completely misses you.
You spin and attack the neqoxec.
You mangle the neqoxec!!
You kill the neqoxec!
The Council accepts your kill.
Victory!
Score multiplier: 5x You now have 298 arena points (gained 160).
Your Fighting skill increases to level 10!
Your Dodging skill increases to level 10!
You now have 465 gold pieces (gained 200).
Things that are here:
a robe; a scythe You start waiting.
Get ready!
You start waiting.
ROUND 5!
BOSS ROUND!
An alligator comes into view.
You lunge at the alligator.
You scratch the alligator.
The alligator closely misses you. x2; The alligator puts on a burst of speed!
A swamp drake comes into view.
You spin and attack the alligator.
You barely miss the alligator.
The swamp drake roars!
You claw the alligator! The alligator bites you! The alligator tail-slaps you!
You take 28 damage, and have 65/93 hp.
MASSIVE DAMAGE!!
You spin and attack the alligator.
You barely miss the alligator. You claw the alligator! The alligator bites you.
The alligator tail-slaps you!
The swamp drake breathes noxious fumes at you.
The noxious blast misses you.
You take 13 damage, and have 52/93 hp.
You repeatedly attack the alligator from above!
You completely miss the alligator. You closely miss the alligator.
You are engulfed in noxious fumes.
You choke on the stench!
You are confused.
The alligator is engulfed in noxious fumes.
The alligator appears confused.
Okay, then.
Okay, then.
You feel less confused.
You lunge at the swamp drake.
You eviscerate the swamp drake!!!
You kill the swamp drake!
The Council accepts your kill.
The alligator seems less confused.
You spin and attack the alligator.
You scratch the alligator but do no damage.
The alligator bites you!! The alligator closely misses you.
The alligator bites you!
* * * LOW HITPOINT WARNING * * *
The alligator tail-slaps you.
* * * LOW HITPOINT WARNING * * *
You take 33 damage, and have 22/93 hp.
MASSIVE DAMAGE!!
You attack the alligator from above.
You scratch the alligator. The alligator bites you!
* * * LOW HITPOINT WARNING * * *
The alligator tail-slaps you!
You die...

#⌠...........⌠#
######.8.........8.###
##∩___......###......__
###∩........8.# #.8......
##........(....###........
#⌠..........###...###.....
#⌠.........)# #.<.# #.....
#⌠......§§§.###...###.....
##......§@§....###........
###∩...§t§..8.# #.8......
##∩___......###......._
######.8...[.....8.###
#⌠...........⌠#
###.........###
#_......._# #_......._#
#........_#


You could see an alligator.

Vanquished Creatures
  Grinder (D)
  Sigmund (D)
  7 neqoxecs (D)
  3 hell hounds (D)
  A swamp drake (D)
  2 wolves (D)
  A crimson imp (D)
  3 shadow imps (D)
  An ufetubus (D)
  An ooze (D)
  A jackal (D)
  A kobold (D)
  2 frilled lizards (D)
25 creatures vanquished.

Notes
Turn   | Place    | Note
-------+----------+-------------------------------------------
     0 | D        | esc the Troll Monk began the quest for the Orb.
     0 | D        | Reached XP level 1. HP: 22/22 MP: 0/0
     1 | D        | Found a deep blue altar of Sif Muna.
     1 | D        | Found a stormy altar of Qazlal.
     2 | D        | Found a glowing silver altar of Zin.
     2 | D        | Found a corrupted altar of Lugonu.
     3 | D        | Found a radiant altar of Vehumet.
     3 | D        | Found a hide-covered altar of Uskayaw.
     4 | D        | Found Uzack's Bee Food.
     4 | D        | Found an ancient bone altar of Kikubaaqudgha.
     4 | D        | Found a roughly hewn altar of Beogh.
     4 | D        | Found Muoll's Identification Station.
     5 | D        | Found Vyobbevve's Jewellery.
     5 | D        | Found Usesuog's Advanced Armour.
     5 | D        | Round 1.
    13 | D        | Bought a scintillating steel amulet for 45 gold pieces
    13 | D        | Bought a serpentine iron ring for 45 gold pieces
    13 | D        | Bought an ancient steel ring for 45 gold pieces
    13 | D        | Identified the amulet "Ymeotikk" {RegenMP Fragile rN+ MP+9 Dex+4} (You bought it in a shop in the Dungeon)
    14 | D        | Identified the ring "Deigriug" {*Corrode rN+ MP+9 SInv} (You bought it in a shop in the Dungeon)
    15 | D        | Identified the ring of Sunlight {MP+9 Stlth+} (You bought it in a shop in the Dungeon)
    19 | D        | Found an opulent altar of Gozag.
    20 | D        | Found a shadowy altar of Dithmenos.
    23 | D        | Found Jiclall's Premium Goods.
    24 | D        | Found Ruudd's Miscellaneous Merchandise.
    24 | D        | Found Hero's Basic Armour.
    25 | D        | Found a basalt altar of Yredelemnul.
    25 | D        | Found a bloodstained altar of Trog.
    25 | D        | Found a snail-covered altar of Cheibriados.
    25 | D        | Found Milaaf's Weapon Rack.
    30 | D        | Found a sacrificial altar of Ru.
    32 | D        | Found Libliucw's Do-It-Yourself Clinic.
    33 | D        | Found Ompuyc's Bottled Wisdom.
    33 | D        | Found Zuci Keo's Distillery.
    34 | D        | Found an ornate altar of the Wu Jian Council.
    34 | D        | Found a blossoming altar of Fedhas.
    34 | D        | Found a burning altar of Makhleb.
    34 | D        | Found Furu Qor's Distillery.
    38 | D        | Found a viscous altar of Jiyva.
    39 | D        | Found a shimmering altar of Xom.
    42 | D        | Became a worshipper of the Wu Jian Council
    42 | D        | Reached * piety under Wu Jian
    42 | D        | Reached ** piety under Wu Jian
    45 | D        | Found an iron altar of Okawaru.
    45 | D        | Found Biut's Staff Store.
    46 | D        | Found Nytruana's Must-Have Magic.
    46 | D        | Found Ziolugh's Magic Scroll Shop.
    47 | D        | Found a glowing golden altar of the Shining One.
    47 | D        | Found Attux's Magic Scroll Shop.
    63 | D        | Noticed Sigmund
    69 | D        | Reached skill level 3 in Fighting
    69 | D        | Reached skill level 3 in Dodging
    73 | D        | HP: 3/23 [Sigmund/scythe (7)]
    81 | D        | Killed Sigmund
    81 | D        | Reached *** piety under Wu Jian
    81 | D        | Arena points: 12 (+12) [x2]
    81 | D        | Reached skill level 5 in Fighting
    81 | D        | Reached skill level 5 in Dodging
    81 | D        | Reached skill level 6 in Unarmed Combat
    81 | D        | Reached XP level 2. HP: 26/35 MP: 1/1
    81 | D        | Reached XP level 3. HP: 31/42 MP: 2/2
    81 | D        | Reached XP level 4. HP: 37/50 MP: 3/3
    81 | D        | Reached XP level 5. HP: 42/57 MP: 4/4
   138 | D        | Round 2.
   162 | D        | Noticed Grinder
   180 | D        | Paralysed by Grinder for 7 turns
   190 | D        | Reached skill level 6 in Fighting
   190 | D        | Reached skill level 7 in Unarmed Combat
   198 | D        | Killed Grinder
   198 | D        | Reached skill level 7 in Fighting
   198 | D        | Reached skill level 7 in Dodging
   198 | D        | Reached skill level 8 in Unarmed Combat
   198 | D        | Reached XP level 6. HP: 71/71 MP: 5/5
   202 | D        | Reached **** piety under Wu Jian
   249 | D        | Arena points: 54 (+42) [x3]
   288 | D        | Round 3.
   289 | D        | Noticed a hell hound
   292 | D        | Noticed a hell hound
   293 | D        | Noticed a hell hound
   297 | D        | Reached skill level 9 in Unarmed Combat
   298 | D        | Killed a hell hound
   298 | D        | Reached skill level 8 in Fighting
   298 | D        | Reached XP level 7. HP: 80/80 MP: 6/6
   299 | D        | Reached ***** piety under Wu Jian
   299 | D        | Reached skill level 8 in Dodging
   300 | D        | Reached skill level 10 in Unarmed Combat
   302 | D        | Arena points: 138 (+84) [x4]
   347 | D        | Round 4.
   368 | D        | Noticed a neqoxec
   369 | D        | Noticed a neqoxec
   385 | D        | Noticed a neqoxec
   386 | D        | Killed a neqoxec
   386 | D        | Reached skill level 9 in Fighting
   386 | D        | Reached skill level 9 in Dodging
   386 | D        | Reached XP level 8. HP: 87/92 MP: 7/7
   390 | D        | Gained mutation: You are weak. (Str -2) [a neqoxec]
   397 | D        | Reached skill level 11 in Unarmed Combat
   482 | D        | Reached ****** piety under Wu Jian
   482 | D        | Arena points: 298 (+160) [x5]
   482 | D        | Reached skill level 10 in Fighting
   482 | D        | Reached skill level 10 in Dodging
   540 | D        | Round 5.
   541 | D        | Noticed an alligator
   554 | D        | HP: 22/93 [alligator (4)]
   555 | D        | HP: 7/93 [alligator (15)]
   555 | D        | Slain by an alligator

Vault maps used:
D:        arena_sprint

Skill      XL: |  1  2  3  4  5  6  7  8 |
---------------+-------------------------+-----
Fighting       | 5 7 8 9 10 | 10.1
Dodging        | 5 7 9 10 | 10.1
Unarmed Combat | 6 8 9 10 11 | 11.9
Stealth        | |  1.0

Action                   |  1- 3 |  4- 6 |  7- 9 || total
-------------------------+-------+-------+-------++-------
Melee: Unarmed           |    22 |    37 |    41 ||   100
       Punch             |       |     3 |     9 ||    12
  Use: Potion            |     2 |     2 |       ||     4
 Stab: Distracted        |       |       |     1 ||     1
  Eat: Chunk             |       |     3 |     3 ||     6
Armor: Robe              |     2 |     5 |     6 ||    13
Dodge: Dodged            |     5 |    11 |    15 ||    31

Vault maps used:
D:        arena_sprint

Table legend:
 A = Turns spent in this place as a percentage of turns spent in the entire game.
 B = Non-inter-level travel turns spent in this place as a percentage of non-inter-level travel turns spent in the entire game.
 C = Inter-level travel turns spent in this place as a percentage of turns spent in this place.
 D = Turns resting spent in this place as a percentage of non-inter-level travel turns spent in this place.
 E = Turns spent auto-exploring this place as a percentage of non-inter-level travel turns spent in this place.
 F = Non-inter-level travel turns spent in this place divided by the number of levels of this place that you've seen.
                   A       B       C       D       E      F
               +-------+-------+-------+-------+-------+----------------------
         Total | 100.0 | 100.0 |   0.0 |   6.4 |   0.0 | 388.0
       Dungeon | 100.0 | 100.0 |   0.0 |   6.4 |   0.0 | 388.0
               +-------+-------+-------+-------+-------+----------------------

Table legend:
 A = Kills in this place as a percentage of kills in entire the game.
 B = Kills by you in this place as a percentage of kills by you in the entire game.
 C = Kills by friends in this place as a percentage of kills by friends in the entire game.
 D = Other kills in this place as a percentage of other kills in the entire game.
 E = Experience gained in this place as a percentage of experience gained in the entire game.
 F = Experience gained in this place divided by the number of levels of this place that you have seen.
                   A       B       C       D       E      F
               +-------+-------+-------+-------+-------+----------------------
         Total | 100.0 | 100.0 |  -nan |  -nan | 100.0 | 2701.0
       Dungeon | 100.0 | 100.0 |  -nan |  -nan | 100.0 | 2701.0
               +-------+-------+-------+-------+-------+----------------------
